 Dungeon Crawl Stone Soup version 0.30-a0-793-g160f7cfddd (webtiles) character file.

Game seed: 6568680201690550662

2972 jasper the Conjurer (level 9, -2/71 HPs)
             Began as a Grey Draconian Conjurer on Feb 19, 2023.
             Was a Believer of Vehumet.
             Slain by a hornet (10 damage)
             ... while paralysed by a hornet
             ... on level 8 of the Dungeon.
             The game lasted 00:17:23 (9486 turns).

jasper the Conjurer (Grey Draconian Conjurer)       Turns: 9486, Time: 00:17:23

Health: -2/71      AC: 14    Str:  9    XL:     9   Next: 53%
Magic:  25/27      EV:  2    Int: 28    God:    Vehumet [**....]
Gold:   242        SH:  0    Dex: 11    Spells: 2/21 levels left

rFire   . . .      SeeInvis .    y - +0 demon whip (venom)
rCold   . . .      Faith    .    (no shield)
rNeg    . . .      Spirit   .    (body armour unavailable)
rPois   .          Reflect  .    (helmet restricted)
rElec   .          Harm     .    j - +0 cloak
rCorr   .          Rampage  .    (no gloves)
Will    .....                    k - +0 pair of boots
Stlth   ++                       a - amulet of magic regeneration
HPRegen 0.31/turn                B - ring of magical power
MPRegen 0.60/turn                C - +6 ring of intelligence

@: paralysed, lethally poisoned (-2 -> -10), slowed
A: AC +12, amphibious, unfitting armour, cold-blooded
a: Renounce Religion


You were on level 8 of the Dungeon.
You worshipped Vehumet.
Vehumet was pleased with you.
You visited 2 branches of the dungeon, and saw 9 of its levels.
You also visited: Ossuary.

You collected 674 gold pieces.
You spent 432 gold pieces at shops.

Inventory:

Hand Weapons
 h - a +3 heavy dagger
 r - a +2 vampiric spear
 y - a +0 demon whip of venom (weapon)
Missiles
 c - 104 stones
 e - 6 javelins
Armour
 j - a +0 cloak (worn)
 k - a +0 pair of boots (worn)
Magical Staves
 n - a staff of death
Jewellery
 a - an amulet of magic regeneration (around neck)
 B - a ring of magical power (left hand)
 C - a +6 ring of intelligence (right hand)
Wands
 o - a wand of roots (4)
Scrolls
 i - 2 scrolls of amnesia
 m - a scroll of torment
 s - 4 scrolls of immolation
 t - 3 scrolls of fog
 D - a scroll of teleportation
Potions
 b - 2 potions of attraction
 d - 7 potions of curing
 f - a potion of ambrosia
 g - 4 potions of mutation
 l - 3 potions of degeneration
 p - 3 potions of flight
 q - 2 potions of cancellation
 u - 2 potions of might
 v - 2 potions of invisibility
 w - 3 potions of heal wounds
 x - 3 potions of lignification
 A - a potion of brilliance
 E - 3 potions of magic
 F - 2 potions of haste


   Skills:
 + Level 3.9 Fighting
 - Level 3.0 Dodging
 - Level 1.7 Stealth
 - Level 6.5 Spellcasting
 - Level 7.0 Conjurations
 * Level 1.5 Hexes
 - Level 5.0 Translocations
 + Level 2.6 Earth Magic
 - Level 6.0 Poison Magic


You had 2 spell levels left.
You knew the following spells:

 Your Spells              Type           Power      Damage    Failure   Level
a - Magic Dart            Conj           100%       1d8       1%          1
b - Searing Ray           Conj           96%        2d7       1%          2
c - Olgreb's Toxic Radia  Pois           42%        N/A       4%          4
d - Mephitic Cloud        Conj/Pois/Air  33%        N/A       3%          3
e - Iskenderun's Mystic   Conj/Tloc      42%        2d10      4%          4
f - Fulminant Prism       Conj/Hex       16%        3d10      10%         4
g - Sandblast             Erth           48%        2d12      1%          1

Your spell library contained the following spells:

 Spells                   Type           Power      Damage    Failure   Level
 Sting                    Tmut/Pois      100%       1d8       1%          1
 Poisonous Vapours        Pois/Air       52%        N/A       2%          2
 Cigotuvi's Dreadful Rot  Necr/Pois/Air  40%        N/A       3%          2
 Dazzling Flash           Conj/Hex       66%        N/A       3%          3


Dungeon Overview and Level Annotations

Branches:
Dungeon (8/15)             Temple (1/1) D:5         Ossuary (visited)
   Lair: D:8-11

Altars:
Ashenzari
Dithmenos
Elyvilon
Gozag
Hepliaklqana
Kikubaaqudgha
Qazlal
Ru
Sif Muna
Trog
Uskayaw
Vehumet
Wu Jian
Zin
The Shining One

Shops:
D:7 =

Annotations:
D:7 exclusion: obsidian statue


Innate Abilities, Weirdness & Mutations

Your dull iron-grey scales are very hard. (AC +12)
You are amphibious.
You cannot fit into any form of body armour.
You are cold-blooded and may be slowed by cold attacks.


Message History

The hornet is almost dead. (Press . to maintain the ray.)
You feel very sick.
The hornet stings you but does no damage.
The hornet barely misses you. The hornet stings you.
You are more poisoned.
You suddenly lose the ability to move!
You can move again.
You take 4 damage, and have 63/71 hp.
You now have 23/27 mp.
You feel very sick. The hornet stings you!
You are more poisoned.
You feel as though you will be slow longer.
The hornet stings you but does no damage.
You take 13 damage, and have 50/71 hp.
Casting: Searing Ray (safe; 1% risk of failure)
Confirm with . or Enter, or press ? or * to list all spells.
Aiming: Sandblast (safe; 1% risk of failure)
Press: ? - help, Shift-Dir - straight line, f/p - hornet
Aim: a hornet (severely wounded, 74% to hit)
The blast of sand hits the hornet.
The hornet is almost dead.
You feel extremely sick. The hornet stings you!
You shrug off the repeated paralysis!
The hornet stings you but does no damage.
The hornet stings you.
You feel as though you will be slow longer.
You take 28 damage, and have 22/71 hp.
MASSIVE DAMAGE!!
Casting: Sandblast (safe; 1% risk of failure)
Confirm with . or Enter, or press ? or * to list all spells.
Aiming: Sandblast (safe; 1% risk of failure)
Press: ? - help, Shift-Dir - straight line, f/p - hornet
Aim: a hornet (almost dead, 74% to hit)
The blast of sand hits the hornet.
The hornet is almost dead.
You feel very sick.
The hornet misses you. x2; The hornet stings you!
* * * LOW HITPOINT WARNING * * *
You suddenly lose the ability to move!
The hornet stings you!
You die...

########....#...#.#...##
#....#...#+#....#
+....#.........##
#....##.##...###
.....##....###
......####.## .>.....#
#.# #######.##
#......@.# #.....y..#
#........# #........#
.........# .........#
.........# .........#


You could see a hornet.

Vanquished Creatures
  A wyvern (D:7)
  2 black bears
  A sky beast (D:7)
  3 ogres
  2 centaurs (D:6)
  3 phantoms
  A kobold brigand (D:7)
  A bullfrog (D:7)
  4 scorpions
  2 necrophages
  A gnoll sergeant (D:6)
  5 wights (D:7)
  4 howler monkeys
  2 electric eels (D:7)
  A centaur zombie (Ossuary)
  2 jellies
  6 iguanas
  2 orc wizards
  5 mummies (Ossuary)
  18 gnolls
  7 adders
  2 shadow imps (D:6)
  2 white imps (D:6)
  3 ufetubi
  A worm (D:2)
  3 dart slugs
  17 orcs
  7 bats
  3 endoplasms
  2 giant cockroaches (D:4)
  A gnoll zombie (Ossuary)
  12 hobgoblins
  9 jackals
  2 quokkas
  4 ball pythons
  2 frilled lizards
  12 goblins
  2 goblin zombies (Ossuary)
  A hobgoblin zombie (Ossuary)
  14 kobolds
  2 kobold zombies (Ossuary)
  6 rats
180 creatures vanquished.

Vanquished Creatures (collateral kills)
  An ogre (D:6)
  2 adders (D:6)
3 creatures vanquished.

Vanquished Creatures (others)
  A scorpion (D:6)
  2 fulminant prisms (D:7)
  5 plants (D:4)
8 creatures vanquished.

Grand Total: 191 creatures vanquished

Notes
Turn   | Place    | Note
-------+----------+-------------------------------------------
     0 | D:1      | jasper the Draconian Conjurer began the quest for the Orb.
     0 | D:1      | Reached XP level 1. HP: 14/14 MP: 3/3
   330 | D:1      | Reached XP level 2. HP: 20/20 MP: 3/5
   333 | D:1      | Learned a level 2 spell: Searing Ray
  1625 | D:2      | Reached XP level 3. HP: 26/26 MP: 2/7
  1795 | D:2      | Reached XP level 4. HP: 33/33 MP: 0/8
  2459 | D:3      | Reached skill level 5 in Conjurations
  2504 | D:3      | Learned a level 4 spell: Olgreb's Toxic Radiance
  2720 | D:3      | Found a broken altar of Ashenzari.
  2909 | D:3      | Found a faded altar of an unknown god.
  3376 | D:3      | Reached XP level 5. HP: 28/38 MP: 6/10
  3463 | D:4      | Reached skill level 1 in Poison Magic
  3887 | D:4      | Learned a level 3 spell: Mephitic Cloud
  4138 | D:4      | Reached XP level 6. HP: 45/45 MP: 9/12
  5300 | D:5      | Entered Level 5 of the Dungeon
  5307 | D:5      | Your scales start taking on a dull iron-grey colour.
  5307 | D:5      | Reached XP level 7. HP: 50/50 MP: 5/14
  5407 | D:5      | Found a staircase to the Ecumenical Temple.
  5452 | Temple   | Entered the Ecumenical Temple
  5482 | Temple   | Became a worshipper of Vehumet
  5850 | D:5      | Reached skill level 5 in Poison Magic
  5851 | D:5      | Reached skill level 5 in Spellcasting
  5856 | D:5      | Learned a level 4 spell: Iskenderun's Mystic Blast
  6810 | D:6      | Reached XP level 8. HP: 54/57 MP: 7/17
  6871 | D:6      | Reached skill level 1 in Translocations
  7068 | D:6      | Reached skill level 1 in Fighting
  7194 | D:6      | Reached skill level 6 in Conjurations
  7459 | D:6      | Learned a level 4 spell: Fulminant Prism
  8237 | D:7      | Reached XP level 9. HP: 68/68 MP: 13/18
  8355 | D:7      | Reached * piety under Vehumet
  8355 | D:7      | Offered knowledge of Sandblast by Vehumet.
  8359 | D:7      | Learned a level 1 spell: Sandblast
  8428 | D:7      | Reached skill level 1 in Earth Magic
  8429 | D:7      | Reached skill level 7 in Conjurations
  8583 | D:7      | Found Itaor Nits's Jewellery Shoppe.
  8632 | D:7      | Bought a +6 ring of intelligence for 432 gold pieces
  8731 | D:7      | Reached skill level 5 in Translocations
  8746 | D:7      | Reached skill level 1 in Hexes
  8789 | D:7      | Noticed an obsidian statue
  9136 | D:8      | Found a sand-covered staircase.
  9142 | Ossuary  | Entered an ossuary
  9325 | Ossuary  | Reached ** piety under Vehumet
  9483 | D:8      | Paralysed by a hornet for 1 turns
  9486 | D:8      | Paralysed by a hornet for 3 turns
  9486 | D:8      | Slain by a hornet

Illustrated notes

Levels and vault maps discovered:
D:1:      dpeg_arrival_stonehenge_12_columns, layout_basic,
          hangedman_glass_teeth
D:2:      layout_loops_ring, minmay_surrounded
D:3:      layout_basic, amcnicky_altar_gilded,
          hellmonk_ecumenical_altar_heavens_door
D:4:      corexii_shantytown, layout_loops_ring
D:5:      layout_loops_cross, temple_pool_b, minmay_liquid_box
D:6:      minmay_polygon_palace, layout_basic, serial_park_tiny_2
D:7:      statuecave_lemuel, layout_cave_pools, serial_shops,
          nicolae_stop_n_shop_2
D:8:      layout_basic, mainiacjoe_overflow_24_doors, nicolae_ossuary_entry_plus
Temple:   nicolae_temple_bog_church

Skill      XL: |  1  2  3  4  5  6  7  8  9 |
---------------+----------------------------+-----
Spellcasting   | 3 4 6 |  6.5
Conjurations   | 5 6 7 |  7.0
Poison Magic   | 2 4 6 |  6.0
Translocations | 3 5 |  5.0
Dodging        | 2 3 |  3.0
Fighting       | 2 3 |  3.9
Earth Magic    | 2 |  2.6
Hexes          | 1 |  1.5
Stealth        | |  1.7

Action                     |  1- 3 |  4- 6 |  7- 9 || total
---------------------------+-------+-------+-------++-------
  Melee: Unarmed           |     2 |       |       ||     2
         Dagger            |     5 |       |       ||     5
         Spear             |       |    24 |    61 ||    85
         Tailslap          |       |     1 |    22 ||    23
         Demon whip        |       |       |    48 ||    48
         Punch             |       |       |     2 ||     2
   Cast: Magic Dart        |    37 |   101 |    99 ||   237
         Searing Ray       |     6 |    23 |    44 ||    73
         Mephitic Cloud    |       |       |     1 ||     1
         Sandblast         |       |       |    10 ||    10
         Iskenderun's Myst |       |       |     3 ||     3
         Fulminant Prism   |       |       |     2 ||     2
  Evoke: Wand              |       |       |     2 ||     2
    Use: Scroll            |     6 |     9 |    10 ||    25
         Potion            |       |       |     2 ||     2
   Stab: Distracted        |       |       |     1 ||     1
 Armour: Skin              |     4 |    19 |   107 ||   130
  Dodge: Dodged            |     2 |    58 |   128 ||   188

Table legend: (Time is in decaauts)
 A = Elapsed time spent in this place.
 B = Non-inter-level travel time spent in this place.
 C = Inter-level travel time spent in this place.
 D = Time resting spent in this place.
 E = Time spent auto-exploring this place.
 F = Levels seen in this place.
 G = Mean time per level.
                   A        B        C        D        E       F      G
               +--------+--------+--------+--------+--------+-----+--------+
         Total |   9509 |   9284 |    225 |    393 |   7641 |  10 |  950.9 |
       Dungeon |   9150 |   8941 |    209 |    316 |   7526 |   8 | 1143.8 |
        Temple |     41 |     25 |     16 |      0 |     14 |   1 |   41.0 |
       Ossuary |    317 |    317 |      0 |     77 |    101 |   1 |  317.0 |
               +--------+--------+--------+--------+--------+-----+--------+

Top non-repeatable levels by time:
     D:6: 2055 daAuts
     D:4: 1831 daAuts
     D:1: 1267 daAuts
     D:3: 1253 daAuts
     D:2: 955 daAuts
     D:5: 877 daAuts
     D:7: 827 daAuts
 Ossuary: 317 daAuts
     D:8: 83 daAuts
  Temple: 41 daAuts
